Map: Abandoned Camp

Players

Matt

  • Race: Terran Terran
  • League: Gold
  • Spawn Location: 5:00

Buck

  • Race: Protoss Protoss
  • League: Platinum
  • Spawn Location: 3:00

QRSeaman

  • Race: Terran Terran
  • League: Gold
  • Spawn Location: 3:00

BlackNova - Winner!

  • Race: Terran Terran
  • Spawn Location: 7:00

Metasapien - Winner!

  • Race: Zerg Zerg
  • League: Platinum
  • Spawn Location: 9:00

BrownBear - Winner!

  • Race: Terran Terran
  • League: Diamond
  • Spawn Location: 11:00

VOD

Have the link to the VOD?

Description

Time

  • Played on: Sept. 22, 2017, 8:23 p.m.
  • Length: 11:48
Show
View Real Time Build Order
Export as new Build Order

Matt Terran 

Build Orders: MMM Bio 

Get SALT Encoding   

  12  0:01  SCV  
  13  0:13  SCV  
  14  0:25  SCV, Supply Depot  
  15  0:35  Refinery  
  15  0:47  SCV  
  15  0:49  Barracks  
  16  0:59  SCV  
  17  1:11  SCV  
  18  1:23  SCV  
  19  1:36  Orbital Command  
  19  1:37  Barracks Reactor  
  19  1:56  Supply Depot  
  19  1:59  Command Center  
  19  2:04  SCV  
  20  2:16  SCV  
  20  2:19  Factory, Marine  
  20  2:20  Bunker  
  22  2:22  Marine  
  23  2:39  Refinery, SCV  
  24  2:44  Marine x2  
  26  3:04  Marine  
  26  3:05  Marine  
  28  3:07  SCV  
  28  3:12  Cyclone  
  32  3:20  Starport, SCV  
  32  3:22  Orbital Command  
  33  3:30  Marine x2  
  35  3:35  SCV  
  36  3:45  Factory Tech Lab  
  36  3:47  Marine  
  36  3:48  Marine  
  38  4:05  Barracks  
  38  4:06  Barracks  
  38  4:08  Starport Reactor  
  38  4:09  Siege Tank  
  41  4:10  Supply Depot  
  41  4:34  Supply Depot  
  41  4:39  SCV x2  
  41  4:42  Engineering Bay  
  41  4:45  Engineering Bay  
  43  4:49  Refinery  
  43  4:51  SCV x2  
  43  4:52  Refinery  
  45  5:02  Medivac  
  45  5:03  SCV x2  
  45  5:06  Barracks Tech Lab  
  45  5:07  Barracks Tech Lab  
  49  5:12  Medivac  
  51  5:21  Terran Infantry Weapons Level 1  
  51  5:22  Terran Infantry Armor Level 1  
  51  5:32  SCV x2  
  53  5:43  Stimpack, Combat Shields  
  53  5:44  SCV x2  
  55  5:55  Widow Mine  
  55  5:56  SCV  
  51  6:23  Widow Mine  
  52  6:34  SCV  
  52  6:35  SCV  
  54  6:43  Marine x2  
  54  6:44  Marine x2  
  54  6:47  SCV x2  
  59  6:52  Widow Mine  
  62  7:08  SCV, Marine  
  62  7:10  SCV  
  62  7:12  Marine  
  62  7:15  Marauder  
  62  7:39  Armory  
  62  7:41  Armory  
  62  7:45  Supply Depot x2  
  62  7:47  Supply Depot  
  62  7:52  Missile Turret  
  62  8:00  Concussive Shells  
  62  8:06  SCV x2, Widow Mine, Marine x3  
  62  8:07  Marauder  
  62  8:10  Supply Depot  
  62  8:12  Missile Turret, Supply Depot  
  71  8:19  SCV x2  
  73  8:24  Marine x2  
  73  8:25  Factory, Marauder, Drilling Claws  
  77  8:28  Marauder  
  77  8:31  SCV x2  
  81  8:34  Widow Mine  
  83  8:42  Marine  
  83  8:46  Medivac, Marauder  
  88  8:50  Marine x2  
  90  9:00  Marine  
  91  9:07  Marauder, Marine  
  91  9:08  Marauder  
  96  9:10  Terran Vehicle Weapons Level 1, Terran Vehicle And Ship Armor Level 1  
  96  9:12  Factory Tech Lab  
  96  9:17  Marine  
  97  9:25  Marine  
  97  9:29  Marauder, Marine  
  101  9:34  Command Center  
  101  9:35  Marine  
  102  9:44  Siege Tank x2  
  108  9:50  Supply Depot  
  108  9:52  Supply Depot  
  108  10:15  Supply Depot  
  108  10:16  Siege Tank x2  
  114  10:27  Marauder x2, Marine x2  
  96  10:45  Marine x2  
  96  10:48  Refinery, Marine  
  96  10:49  Marauder  
  87  11:09  Planetary Fortress  
  58  11:14  Refinery  
  60  11:18  Marauder  
  60  11:19  Marauder, Marine x2  
Show
View Real Time Build Order
Export as new Build Order

Buck Protoss 

Build Orders:  

Get SALT Encoding   

  12  0:00  Probe (Chrono Boost)  
  13  0:11  Probe (Chrono Boost)  
  14  0:18  Pylon  
  14  0:23  Probe (Chrono Boost)  
  15  0:37  Probe (Chrono Boost)  
  15  0:38  Gateway  
  16  0:46  Assimilator  
  16  0:47  Probe (Chrono Boost)  
  17  0:58  Probe (Chrono Boost)  
  17  1:02  Pylon  
  18  1:08  Probe (Chrono Boost)  
  19  1:19  Probe (Chrono Boost)  
  19  1:21  Assimilator  
  19  1:25  Cybernetics Core  
  20  1:30  Probe (Chrono Boost)  
  21  1:40  Probe (Chrono Boost)  
  22  1:58  Nexus  
  22  2:02  Probe (Chrono Boost)  
  23  2:10  Protoss Air Weapons Level 1  
  23  2:17  Mothership Core (Chrono Boost)  
  25  2:26  Pylon  
  25  2:37  Probe (Chrono Boost)  
  26  2:48  Probe (Chrono Boost)  
  26  2:49  Adept  
  29  2:55  Stargate  
  29  3:14  Probe x2 (Chrono Boost)  
  31  3:29  Probe (Chrono Boost)  
  31  3:40  Pylon  
  31  3:41  Forge  
  31  3:45  Stargate  
  31  3:47  Probe (Chrono Boost)  
  33  3:48  Probe (Chrono Boost), Pylon  
  33  3:54  Void Ray  
  37  3:59  Probe (Chrono Boost)  
  38  4:06  Pylon  
  38  4:09  Probe (Chrono Boost)  
  39  4:13  Probe (Chrono Boost)  
  40  4:20  Probe (Chrono Boost)  
  40  4:24  Probe (Chrono Boost)  
  42  4:26  Photon Cannon  
  42  4:30  Probe (Chrono Boost)  
  43  4:36  Photon Cannon  
  43  4:42  Probe x2 (Chrono Boost)  
  45  4:47  Void Ray  
  50  4:52  Probe (Chrono Boost)  
  50  4:53  Probe (Chrono Boost)  
  51  5:00  Void Ray (Chrono Boost)  
  51  5:04  Probe (Chrono Boost)  
  51  5:05  Probe (Chrono Boost)  
  57  5:08  Assimilator  
  57  5:11  Assimilator  
  57  5:15  Protoss Air Armor Level 1  
  57  5:22  Photon Cannon  
  57  5:23  Probe (Chrono Boost)  
  57  5:24  Probe (Chrono Boost)  
  59  5:35  Void Ray (Chrono Boost)  
  63  5:37  Probe (Chrono Boost)  
  63  5:38  Probe (Chrono Boost)  
  65  5:45  Void Ray (Chrono Boost)  
  69  5:51  Probe  
  69  5:52  Probe  
  69  5:55  Pylon  
  71  6:13  Void Ray (Chrono Boost)  
  75  6:24  Fleet Beacon  
  75  6:25  Pylon  
  75  6:27  Photon Cannon  
  75  6:28  Probe x2  
  77  6:37  Void Ray (Chrono Boost)  
  77  6:38  Pylon  
  81  6:41  Probe  
  81  6:42  Probe  
  83  6:53  Pylon  
  83  6:58  Void Ray (Chrono Boost)  
  87  7:03  Photon Cannon  
  87  7:09  Protoss Air Weapons Level 2  
  87  7:16  Cybernetics Core  
  91  7:22  Void Ray (Chrono Boost)  
  91  7:25  Pylon  
  91  7:27  Nexus  
  91  7:31  Pylon  
  91  7:37  Void Ray (Chrono Boost)  
  95  7:46  Probe x2  
  97  7:52  Photon Cannon  
  97  8:00  Void Ray (Chrono Boost), Photon Cannon  
  97  8:05  Pylon  
  101  8:15  Void Ray (Chrono Boost), Probe x2  
  107  8:28  Probe  
  108  8:44  Void Ray (Chrono Boost)  
  108  8:48  Photon Cannon, Assimilator  
  112  8:51  Photon Cannon  
  112  8:52  Assimilator, Protoss Air Armor Level 2  
  112  8:59  Stargate, Graviton Catapult  
  112  9:00  Probe x2  
  114  9:04  Probe  
  115  9:15  Void Ray (Chrono Boost), Probe  
  120  9:27  Void Ray (Chrono Boost)  
  124  9:45  Pylon  
  124  9:47  Pylon  
  124  9:50  Pylon  
  124  9:51  Photon Cannon  
  134  9:53  Photon Cannon  
  134  9:56  Void Ray (Chrono Boost), Photon Cannon  
  106  10:23  Void Ray x2 (Chrono Boost)  
  106  10:44  Void Ray (Chrono Boost)  
  103  11:02  Pylon  
  103  11:05  Pylon  
  103  11:08  Pylon  
  103  11:10  Pylon  
Show
View Real Time Build Order
Export as new Build Order

QRSeaman Terran 

Build Orders:  

Get SALT Encoding   

  12  0:04  SCV  
  13  0:18  SCV  
  14  0:22  Supply Depot  
  14  0:30  SCV, Supply Depot  
  15  0:45  Refinery  
  15  0:52  Barracks, SCV  
  17  1:04  SCV  
  17  1:18  SCV  
  18  1:23  Refinery  
  18  1:30  SCV  
  19  1:41  Bunker  
  19  1:42  Barracks Reactor  
  19  1:52  Orbital Command  
  19  1:57  Factory  
  19  2:18  Marine  
  19  2:19  Marine  
  19  2:20  Supply Depot  
  19  2:22  SCV  
  21  2:34  SCV  
  21  2:42  Factory Tech Lab  
  21  2:44  Marine x2  
  22  3:01  Marine  
  22  3:02  Marine  
  22  3:18  SCV  
  23  3:28  Supply Depot  
  23  3:50  SCV  
  23  3:52  Cyclone  
  23  3:53  Marine  
  23  3:55  Marine  
  29  4:02  SCV, Supply Depot  
  30  4:14  SCV  
  31  4:23  Marine x2  
  33  4:26  SCV  
  34  4:38  SCV  
  34  4:40  Siege Tank  
  38  4:46  Supply Depot  
  38  4:50  SCV  
  39  4:52  Supply Depot  
  39  4:54  Supply Depot  
  39  5:08  SCV, Marine x2  
  42  5:20  Command Center, SCV  
  43  5:32  SCV  
  44  5:36  Marine x2  
  44  5:37  Siege Tank  
  49  5:50  SCV  
  49  5:55  Supply Depot  
  50  5:59  Starport  
  50  6:02  SCV  
  51  6:21  Marine x2  
  51  6:23  Siege Tank  
  56  6:29  Barracks  
  56  6:42  Starport Reactor  
  56  6:43  Supply Depot  
  56  6:44  Supply Depot  
  56  6:47  Marine x2  
  56  6:49  Barracks  
  58  6:54  Orbital Command  
  58  7:07  Engineering Bay  
  58  7:12  Engineering Bay  
  58  7:21  Marine x2  
  60  7:30  Barracks Reactor  
  60  7:38  Barracks Tech Lab x2  
  60  7:40  SCV  
  61  7:44  Factory  
  61  7:46  Barracks  
  61  7:47  Marine x2  
  63  7:52  SCV  
  64  8:04  SCV  
  65  8:09  Terran Infantry Armor Level 1, Terran Infantry Weapons Level 1  
  65  8:15  Medivac  
  65  8:16  Medivac, Armory x2, SCV  
  70  8:21  Marine  
  70  8:22  Marine  
  72  8:28  SCV  
  73  8:40  SCV  
  74  8:43  Stimpack, Combat Shields  
  74  8:45  Marauder  
  76  8:51  Barracks Tech Lab  
  76  8:52  SCV  
  76  8:54  Factory Tech Lab  
  77  8:55  Refinery  
  77  8:56  Refinery  
  77  8:58  SCV  
  78  9:04  SCV  
  79  9:11  SCV  
  79  9:13  Terran Vehicle Weapons Level 1  
  79  9:14  Terran Vehicle And Ship Armor Level 1  
  79  9:16  SCV  
  81  9:22  Marauder x2  
  81  9:23  Concussive Shells, Marauder  
  87  9:28  SCV  
  88  9:37  Barracks  
  88  9:41  Starport, SCV  
  88  9:44  Starport  
  45  10:55  Marauder x4  
  45  10:57  Factory Reactor  
  53  11:00  Starport Reactor  
  53  11:01  Starport Reactor  
  53  11:11  SCV  
  54  11:16  Marauder x2  
  54  11:17  Marauder x2  
  62  11:23  SCV  
  63  11:26  Factory Reactor  
  63  11:35  SCV  
Show
View Real Time Build Order
Export as new Build Order

BlackNova Terran - Winner!

Build Orders:  

Get SALT Encoding   

  12  0:01  SCV  
  13  0:14  SCV  
  14  0:23  Supply Depot  
  14  0:28  Refinery  
  14  0:29  SCV  
  15  0:46  Barracks  
  15  0:48  SCV  
  16  1:00  Barracks  
  16  1:04  SCV  
  17  1:14  Supply Depot  
  17  1:33  Reaper  
  18  1:42  Orbital Command  
  18  1:49  Reaper  
  18  1:51  Supply Depot  
  19  2:03  Refinery  
  19  2:05  Reaper  
  20  2:17  SCV  
  20  2:21  Reaper, Supply Depot  
  22  2:37  Reaper  
  22  2:38  SCV  
  24  2:50  SCV  
  25  3:02  SCV  
  23  3:20  SCV  
  23  3:21  Marine x2  
  23  3:22  Factory  
  26  3:29  Factory  
  26  3:32  SCV  
  26  3:38  Marine  
  26  3:39  Marine  
  28  3:44  SCV  
  28  3:46  Command Center  
  29  3:56  Marine  
  29  4:02  Supply Depot  
  30  4:05  Factory Tech Lab  
  30  4:12  Factory Tech Lab  
  30  4:17  Starport  
  30  4:24  Siege Tank  
  30  4:29  Marine x2  
  35  4:37  Engineering Bay  
  35  4:44  Siege Tank  
  38  4:47  Marine  
  39  4:58  Orbital Command  
  39  5:05  Medivac  
  41  5:20  Siege Tank  
  44  5:36  Missile Turret  
  44  5:42  SCV  
  45  5:48  Refinery  
  45  5:49  Liberator  
  45  5:50  Refinery  
  45  5:54  SCV  
  46  6:06  SCV  
  47  6:18  SCV  
  47  6:27  Siege Tank  
  47  6:29  Siege Tank  
  47  6:30  SCV  
  54  6:41  SCV  
  54  6:42  SCV  
  56  6:53  SCV  
  57  6:54  SCV  
  57  6:59  Starport Reactor  
  58  7:07  SCV  
  59  7:23  Marine  
  59  7:24  Marine  
  59  7:28  Siege Tank  
  59  7:29  Siege Tank  
  67  7:32  Supply Depot  
  67  7:37  Medivac  
  67  7:41  Marine  
  67  7:42  Supply Depot  
  70  7:48  Barracks x2  
  70  7:53  Marine  
  70  7:55  Armory  
  71  7:59  Marine  
  71  8:00  Siege Tank  
  71  8:01  Siege Tank  
  78  8:11  Marine  
  79  8:17  Marine  
  85  8:40  Viking x2  
  74  8:47  Barracks Tech Lab  
  73  8:53  Barracks Tech Lab, Barracks Reactor  
  72  8:56  Ghost Academy  
  72  9:02  Barracks Reactor  
  72  9:10  Viking x2  
  75  9:24  Terran Infantry Weapons Level 1  
  75  9:25  Engineering Bay  
  75  9:34  Ghost  
  75  9:37  Ghost  
  79  9:39  Personal Cloaking  
  79  9:51  Terran Infantry Armor Level 1  
  79  9:52  Supply Depot  
  79  10:26  Marine x2  
  79  10:27  Marine x2  
  79  10:28  Marine x2  
  58  10:44  Marine x2  
  58  10:45  Marine x2  
  58  10:46  Marine  
  58  10:48  Siege Tank x2  
  62  10:56  Marine  
  63  11:02  Ghost, Supply Depot, Marine x2  
  63  11:03  Ghost  
  63  11:04  Marine  
  70  11:14  Marine  
  71  11:19  Marine  
  80  11:39  Supply Depot  
Show
View Real Time Build Order
Export as new Build Order

Metasapien Zerg - Winner!

Build Orders: Pool First 

Get SALT Encoding   

  12  0:01  Drone  
  13  0:23  Spawning Pool  
  13  0:26  Drone  
  13  0:33  Extractor  
  13  0:35  Drone  
  13  0:45  Overlord  
  13  0:49  Drone  
  14  1:04  Drone x2  
  16  1:28  Hatchery  
  16  1:30  Drone  
  16  1:35  Drone  
  16  1:38  Drone  
  18  1:42  Drone  
  19  1:51  Metabolic Boost  
  19  1:55  Drone  
  20  2:23  Hatchery  
  20  2:24  Drone  
  20  2:27  Overlord  
  20  2:34  Zergling x2  
  21  2:45  Drone x2  
  21  2:50  Queen  
  25  2:56  Queen  
  27  3:02  Drone, Extractor  
  27  3:12  Drone x2  
  29  3:16  Overlord  
  29  3:22  Drone  
  29  3:25  Drone  
  29  3:26  Drone  
  32  3:37  Drone  
  32  3:38  Drone  
  32  3:39  Queen  
  32  3:40  Drone  
  37  3:51  Drone  
  38  3:56  Zergling x4  
  38  3:57  Overlord x2  
  40  4:04  Roach Warren  
  39  4:11  Drone x2  
  39  4:14  Drone x2  
  43  4:17  Drone x3  
  43  4:20  Extractor  
  43  4:23  Drone  
  47  4:24  Drone  
  47  4:31  Lair  
  47  4:39  Zergling x4  
  47  4:40  Zergling x2  
  47  4:41  Zergling x2  
  47  4:43  Drone  
  52  4:47  Drone x2  
  52  4:48  Drone  
  52  4:49  Overlord  
  52  4:51  Overlord  
  55  4:58  Drone x2  
  55  4:59  Drone  
  58  5:01  Overlord  
  58  5:04  Pneumatized Carapace  
  58  5:08  Drone  
  58  5:09  Drone x3  
  58  5:13  Extractor  
  61  5:15  Drone  
  61  5:16  Extractor  
  61  5:18  Drone x3  
  64  5:24  Drone x4  
  64  5:25  Drone  
  69  5:35  Hydralisk Den  
  69  5:40  Infestation Pit  
  67  5:43  Glial Reconstitution  
  67  5:46  Queen  
  69  5:56  Queen  
  71  5:58  Queen  
  71  6:02  Drone  
  71  6:03  Drone x3  
  71  6:04  Drone, Extractor  
  76  6:06  Hydralisk  
  76  6:07  Hydralisk x4  
  87  6:12  Muscular Augments  
  87  6:17  Spore Crawler  
  86  6:19  Drone x3  
  86  6:23  Evolution Chamber  
  88  6:26  Evolution Chamber  
  88  6:32  Hydralisk  
  87  6:35  Overlord x3  
  87  6:38  Overseer  
  89  6:57  Hydralisk  
  89  6:58  Hydralisk x6  
  89  6:59  Hydralisk x3  
  109  7:03  Overlord x2  
  109  7:21  Lair, Hydralisk x4  
  109  7:22  Hydralisk x2  
  121  7:26  Zerg Missile Weapons Level 1  
  121  7:28  Zerg Ground Armor Level 1  
  121  7:39  Drone x3  
  121  7:40  Hydralisk x2  
  121  7:41  Hydralisk  
  121  7:43  Overlord  
  130  7:58  Overlord x3  
  130  8:00  Overseer  
  130  8:19  Hydralisk x4  
  132  8:20  Hydralisk x5  
  132  8:21  Overlord  
  132  8:22  Overlord  
  132  8:23  Overlord  
  132  8:24  Hydralisk x2  
  152  8:27  Burrow  
  152  8:40  Roach x4  
  152  8:41  Roach  
  162  8:42  Roach  
  162  8:43  Roach  
  166  9:11  Hydralisk x5  
  166  9:12  Hydralisk x4  
  184  9:17  Ravager  
  184  9:18  Ravager  
  184  9:20  Overlord  
  184  9:21  Overlord x3  
  184  9:22  Overlord x2  
  186  9:24  Overlord x2  
  186  9:47  Drone x2  
  186  9:48  Drone x2  
  190  9:57  Drone x4  
  194  10:04  Hive  
  183  10:32  Hydralisk x3  
  183  10:33  Hydralisk x6  
  199  10:35  Hatchery  
  155  11:13  Hydralisk x11  
Show
View Real Time Build Order
Export as new Build Order

BrownBear Terran - Winner!

Build Orders: MMM Bio 

Get SALT Encoding   

  12  0:01  SCV  
  13  0:16  SCV  
  14  0:23  Supply Depot  
  14  0:28  SCV  
  15  0:45  SCV  
  15  0:49  Barracks  
  16  0:53  Refinery  
  16  0:57  SCV  
  17  1:05  Supply Depot  
  17  1:09  SCV  
  18  1:21  SCV  
  19  1:38  Command Center  
  19  1:46  Barracks Tech Lab  
  19  1:53  Bunker  
  19  1:55  SCV  
  19  1:59  Refinery  
  20  2:07  SCV  
  21  2:11  Stimpack  
  21  2:21  Orbital Command  
  21  2:46  SCV  
  22  2:54  Orbital Command  
  22  2:57  Marine  
  23  2:58  SCV  
  23  3:01  Factory  
  24  3:11  SCV  
  25  3:19  SCV  
  26  3:23  SCV  
  27  3:29  Factory  
  27  3:32  Refinery, SCV  
  28  3:35  SCV  
  29  3:41  Marine  
  29  3:43  Barracks  
  29  3:44  SCV  
  31  3:52  Starport  
  31  3:59  SCV x2, Marine  
  34  4:11  Engineering Bay, SCV x2  
  36  4:17  Marine  
  36  4:20  Armory, Factory Tech Lab  
  36  4:21  Factory Tech Lab  
  36  4:23  SCV x2  
  39  4:30  Starport Reactor  
  39  4:31  Barracks Reactor  
  39  4:37  Supply Depot  
  39  4:39  Supply Depot  
  39  4:41  Terran Infantry Weapons Level 1  
  39  4:49  Missile Turret  
  39  4:53  Missile Turret  
  39  4:57  SCV x2  
  41  5:02  Refinery  
  41  5:05  Sensor Tower  
  41  5:09  SCV x2  
  41  5:11  Siege Tank  
  46  5:15  Siege Tank  
  46  5:18  Terran Vehicle Weapons Level 1  
  49  5:21  SCV x2  
  51  5:39  Marine x2  
  51  5:40  Missile Turret  
  51  5:42  Marine  
  53  5:46  Siege Tank  
  53  5:47  Siege Tank  
  53  5:49  Medivac  
  62  6:00  Supply Depot  
  62  6:01  Supply Depot  
  62  6:04  Missile Turret, Supply Depot  
  62  6:21  SCV x2, Marine x3  
  67  6:25  Missile Turret  
  67  6:33  SCV x2  
  67  6:37  Barracks  
  67  6:38  Barracks  
  69  6:40  Barracks  
  69  6:43  Command Center  
  69  6:45  SCV  
  69  6:46  SCV  
  71  6:49  Medivac  
  71  6:50  Medivac  
  75  6:58  SCV x2  
  77  7:02  Thor  
  83  7:13  Armory  
  83  7:19  Medivac  
  85  7:23  Engineering Bay  
  85  7:25  Medivac  
  87  7:33  Supply Depot  
  87  7:34  Missile Turret, Supply Depot  
  87  7:35  Supply Depot  
  87  7:42  Thor  
  93  7:49  Marine  
  93  7:50  Marine  
  95  7:52  Barracks Reactor  
  95  7:53  Barracks Reactor x2  
  95  7:56  Missile Turret, Combat Shields  
  95  7:58  SCV  
  96  7:59  SCV  
  97  8:06  Terran Infantry Armor Level 1  
  97  8:08  Terran Vehicle And Ship Armor Level 1  
  97  8:12  Terran Vehicle Weapons Level 2  
  97  8:20  SCV x2  
  99  8:28  Terran Infantry Weapons Level 2  
  99  8:30  Marine x4  
  99  8:31  Marine x3  
  99  8:33  Marine  
  107  9:22  Thor x2  
  119  9:46  SCV x2  
  121  9:58  SCV x2  
  123  10:01  Marine x2  
  123  10:02  Marine x5  
  123  10:03  Marine x2  
  123  10:06  Hellbat x2  
  118  10:19  Marine x4  
  118  10:20  Marine x5  
  112  10:30  Thor x2  
  124  10:37  Marine x5  
  124  10:38  Marine x4  
  133  10:55  Marine  
  133  10:57  Command Center  
  134  11:29  Marine  
  134  11:31  SCV  
Tags
 
Add a new tag
Caveats
  • Supply blocks, unpowered buildings, or Contaminate may cause inaccurate times.
  • Supply counts are checked every 10 seconds.